 Dungeon Sprint DCSS version 0.29.1-1-gd02db6906a (webtiles) character file.

Game seed: 13731425355029555014

32232 Groucho the Imperceptible (level 13, -8/74 HPs)
             Began as a Spriggan Enchanter on Oct 16, 2022.
             Was an Initiate of Gozag.
             Mangled by a sixfirhy (10 damage)
             ... in the Dungeon (Sprint II: "The Violet Keep of Menkaure").
             The game lasted 00:26:43 (3609 turns).

Groucho the Imperceptible (Spriggan Enchanter)      Turns: 3609, Time: 00:26:43

Health: -8/74      AC:  4    Str: 10    XL:     13   Next: 30%
Magic:  11/33      EV: 31    Int: 22    God:    Gozag
Gold:   9728       SH:  0    Dex: 18    Spells: 16/51 levels left

rFire   + . .      SeeInvis +   j - +7 short sword "Nueshruluwk" {vamp, Will+ Str+4 Dex+3}
rCold   + + .      Faith    .   (no shield)
rNeg    . . .      Spirit   .   b - +0 robe
rPois   .          Reflect  .   (helmet restricted)
rElec   .          Harm     .   H - +1 cloak {Stlth+}
rCorr   .          Rampage  .   (gloves unavailable)
Will    ++++.      NoTele   +   (boots unavailable) Stlth *+++++++++
                                (no amulet)
HPRegen 0.22/turn               k - ring "Icoom" {Fly rC+ Will+ Str+2 Int+4}
MPRegen 0.23/turn               l - ring of the Wizarding Madman {Wiz rF+ rC+ Stlth+}

@: flying, studying Unarmed Combat, very quick
A: very small, no large weapons, unfitting armour, see invisible, speed 3,
camouflage 1, low MP 1, weak 2, MP-powered wands, noise suppression
a: Renounce Religion, Potion Petition, Call Merchant, Bribe Branch


You were in the Dungeon.
You worshipped Gozag.
Gozag was greatly pleased with you.
You visited 1 branch You collected 12100 gold pieces.
You spent 2372 gold pieces at shops.

Inventory:

Hand Weapons
 a - a +1 dagger
 j - the +7 short sword "Nueshruluwk" (weapon) {vamp, Will+ Str+4 Dex+3}
   (You bought it in a shop in the Dungeon)

   It occasionally heals its wielder for a portion of the damage dealt when it
   wounds a living foe.
   Str:       It affects your strength (+4).
   Dex:       It affects your dexterity (+3).
   Will:      It increases your willpower.
Missiles
 r - 7 poisoned darts (quivered)
 A - a throwing net
Armour
 b - a +0 robe (worn)
 F - a +0 buckler
 H - a +1 cloak of stealth (worn)
Jewellery
 d - a ring of willpower
 e - an amulet of guardian spirit
 k - the ring "Icoom" (left hand) {Fly rC+ Will+ Str+2 Int+4}
   (You bought it in a shop in the Dungeon)

   [ring of willpower]

   Str:       It affects your strength (+2).
   Int:       It affects your intelligence (+4).
   rC:        It protects you from cold.
   Fly:       It grants you flight.
   Will:      It increases your willpower.
 l - the ring of the Wizarding Madman (right hand) {Wiz rF+ rC+ Stlth+}
   (You bought it in a shop in the Dungeon)

   [ring of wizardry]

   It improves your spell success rate.
   rF:        It protects you from fire.
   rC:        It protects you from cold.
   Stlth:     It makes you more stealthy.
 v - a ring of protection from fire
Scrolls
 c - 3 scrolls of vulnerability {unknown}
 i - a scroll of blinking
 m - 2 scrolls of fear {unknown}
 n - 11 scrolls of identify {unknown}
 o - 2 scrolls of amnesia {unknown}
 t - a scroll of poison {unknown}
 u - 3 scrolls of fog {unknown}
 y - a scroll of magic mapping {unknown}
 z - a scroll of silence {unknown}
 E - 4 scrolls of acquirement {unknown}
Potions
 g - 24 potions of magic
 h - 3 potions of berserk rage
 p - a potion of lignification {unknown}
 q - a potion of attraction
 s - 10 potions of flight
 w - 2 potions of resistance
 x - a potion of might {unknown}
 B - a potion of cancellation {unknown}
 C - 20 potions of mutation
 D - 2 potions of brilliance {unknown}
 G - a potion of experience {unknown}


   Skills:
 + Level 11.4 Fighting
 - Level 14.0 Short Blades
 + Level 17.5 Dodging
 - Level 21.3 Stealth
 + Level 19.6 Spellcasting
 * Level 10.0 Conjurations
 - Level 14.0 Hexes
 * Level 8.1 Earth Magic


You had 16 spell levels left.
You knew the following spells:

 Your Spells              Type           Power      Damage    Failure   Level
a - Ensorcelled Hibernat  Hex/Ice        100%       N/A       1%          2
b - Confusing Touch       Hex            70%        N/A       0%          3
c - Dazzling Flash        Conj/Hex       100%       N/A       1%          3
d - Passwall              Tmut/Erth      32%        N/A       1%          2
e - Stone Arrow           Conj/Erth      100%       3d13      1%          3
f - Tukima's Dance        Hex            70%        N/A       0%          3
g - Hailstorm             Conj/Ice       43%        3d10      1%          4
h - Enfeeble              Hex            35%        N/A       2%          7
i - Lehudib's Crystal Sp  Conj/Erth      28%        10d8      77%         8

Your spell library contained the following spells:

 Spells                   Type           Power      Damage    Failure   Level
 Sandblast                Erth           100%       2d20      1%          1
 Sting                    Tmut/Pois      84%        1d7       1%          1
 Poisonous Vapours        Pois/Air       42%        N/A       1%          2
 Scorch                   Fire           42%        2d7       1%          2
 Anguish                  Hex/Necr       25%        N/A       1%          4
 Animate Armour           Summ/Erth      78%        N/A       1%          4
 Flame Wave               Conj/Fire      43%        2d11      1%          4
 Spider Form              Tmut/Pois      21%        N/A       2%          3
 Ice Form                 Ice/Tmut       21%        N/A       9%          4
 Summon Cactus Giant      Summ           10%        N/A       77%         6
 Corpse Rot               Necr/Pois/Air  Unusable   N/A       N/A         4
 Simulacrum               Ice/Necr       Unusable   N/A       N/A         6

Dungeon Overview and Level Annotations

Branches:
Dungeon (1/1)

Altars:
Cheibriados
Dithmenos
Elyvilon
Fedhas
Gozag
Hepliaklqana
Kikubaaqudgha
Makhleb
Nemelex Xobeh
Okawaru
Qazlal
Ru
Sif Muna
Trog
Uskayaw
Vehumet
Wu Jian
Xom
Yredelemnul
Zin
The Shining One
Jiyva
Lugonu

Shops:
D ([:!([!!:?([=[=!(:

Annotations:
D exclusions: obsidian statue and orange crystal statue


Innate Abilities, Weirdness & Mutations

You are very small and have problems with some larger weapons.
You are too small for most types of armour.
You have supernaturally acute eyesight. (SInv)
You cover ground extremely quickly. (Speed+++)
Your skin changes colour to match your surroundings (Stealth+).
Your magical capacity is low. (-10% MP)
You are very weak. (Str -4)
You expend magic power (3 MP) to strengthen your wands.
You passively dampen the noise of your surroundings.


Message History

Casting: Ensorcelled Hibernation (safe; 1% risk of failure)
Confirm with . or Enter, or press ? or * to list all spells.
Aiming: Ensorcelled Hibernation (safe; 1% risk of failure)
Press: ? - help, Shift-Dir - straight line, f/p - sixfirhy
Aim: a sixfirhy (chance to affect: 37%)
The sixfirhy easily resists.
The sixfirhy misses you.
Casting: Ensorcelled Hibernation (safe; 1% risk of failure)
Confirm with . or Enter, or press ? or * to list all spells.
Aiming: Ensorcelled Hibernation (safe; 1% risk of failure)
Press: ? - help, Shift-Dir - straight line, f/p - sixfirhy
Aim: a sixfirhy (chance to affect: 37%)
The sixfirhy easily resists.
Casting: Ensorcelled Hibernation (safe; 1% risk of failure)
Confirm with . or Enter, or press ? or * to list all spells.
Aiming: Ensorcelled Hibernation (safe; 1% risk of failure)
Press: ? - help, Shift-Dir - straight line, f/p - sixfirhy
Aim: a sixfirhy (chance to affect: 37%)
The sixfirhy easily resists.
The sixfirhy closely misses you.
Casting: Ensorcelled Hibernation (safe; 1% risk of failure)
Confirm with . or Enter, or press ? or * to list all spells.
Aiming: Ensorcelled Hibernation (safe; 1% risk of failure)
Press: ? - help, Shift-Dir - straight line, f/p - sixfirhy
Aim: a sixfirhy (chance to affect: 37%)
The sixfirhy easily resists.
The sixfirhy completely misses you. x4
Casting: Ensorcelled Hibernation (safe; 1% risk of failure)
Confirm with . or Enter, or press ? or * to list all spells.
Aiming: Ensorcelled Hibernation (safe; 1% risk of failure)
Press: ? - help, Shift-Dir - straight line, f/p - sixfirhy
Aim: a sixfirhy (chance to affect: 37%)
The sixfirhy easily resists.
The sixfirhy hits you! The sixfirhy shocks you!
* * * LOW HITPOINT WARNING * * *
The sixfirhy hits you.
* * * LOW HITPOINT WARNING * * *
The sixfirhy shocks you!
* * * LOW HITPOINT WARNING * * *
The sixfirhy hits you.
* * * LOW HITPOINT WARNING * * *
The sixfirhy shocks you!
You die...
Your body crumbles into a pile of gold.

§§≈≈≈# §≈§≈§ ##§§§§≈≈≈########
≈≈≈§≈###≈≈≈≈≈≈≈###########~~~~~~~
≈≈#∩####+####≈≈°°≈°≈###~######
##.^..#####≈≈≈○○≈°○○##~# $$ ##
#∩......^+≈≈°≈≈°○○°°≈'~# $
^###########.##≈°≈≈≈°○≈○#### $$
)}})|..))).#..##≈≈≈○≈○°##
############.^.######### $
.....^..^....'@33..+ $
#####################


You could see 2 sixfirhies.

Vanquished Creatures
  the Lernaean hydra (D)
  Nikola (D)
  A hellephant (D)
  A deep elf blademaster (D)
  A deep elf master archer (D)
  A kraken (D)
  2 sphinxes (D)
  A draconian shifter (D)
  A crystal guardian (D)
  2 boulder beetles (D)
  A death yak (D)
  A slime creature (D)
  Sonja (D)
  A sixfirhy (D)
  2 deep trolls (D)
  2 death drakes (D)
  A glowing orange brain (D)
  A harpy (D)
  An oklob plant (D)
  12 shining eyes (D)
  2 toenail golems (D)
  An ice statue (D)
  An eye of devastation (D)
  2 unseen horrors (D)
  2 cane toads (D)
  A yaktaur (D)
  5 polar bears (D)
  A hornet (D)
  6 flying skulls (D)
  3 yaks (D)
  7 wyverns (D)
  2 redbacks (D)
  Menkaure (D)
  7 water moccasins (D)
  10 floating eyes (D)
  2 swamp drakes (D)
  3 black bears (D)
  4 scorpions (D)
  4 orc priests (D)
  A jelly (D)
  A hell rat (D)
  A spectral adder (D)
  3 worms (D)
  A spectral quokka (D)
106 creatures vanquished.

Vanquished Creatures (others)
  7 tentacles (D)
7 creatures vanquished.

Grand Total: 113 creatures vanquished

Notes
Turn   | Place    | Note
-------+----------+-------------------------------------------
     0 | D        | Groucho the Spriggan Enchanter began the quest for the Orb.
     0 | D        | Reached XP level 1. HP: 9/9 MP: 5/5
     1 | D        | Noticed a boulder beetle
     1 | D        | Noticed a boulder beetle
     7 | D        | Noticed a scorpion
     7 | D        | Noticed a scorpion
     7 | D        | Noticed a scorpion
     7 | D        | Noticed a scorpion
    10 | D        | Killed a scorpion
    11 | D        | Reached skill level 1 in Fighting
    11 | D        | Reached skill level 6 in Stealth
    11 | D        | Reached skill level 5 in Hexes
    11 | D        | Reached XP level 2. HP: 14/14 MP: 5/8
    11 | D        | Reached XP level 3. HP: 18/18 MP: 6/10
    11 | D        | Killed a scorpion
    12 | D        | Reached skill level 7 in Stealth
    12 | D        | Reached skill level 5 in Spellcasting
    12 | D        | Reached XP level 4. HP: 23/23 MP: 6/12
    14 | D        | Killed a scorpion
    15 | D        | Reached skill level 5 in Short Blades
    15 | D        | Reached skill level 5 in Dodging
    15 | D        | Reached skill level 8 in Stealth
    15 | D        | Reached XP level 5. HP: 27/27 MP: 6/14
    17 | D        | Reached skill level 9 in Stealth
    33 | D        | Noticed a wyvern
    33 | D        | Noticed a wyvern
    36 | D        | Killed a wyvern
    37 | D        | Reached skill level 10 in Stealth
    37 | D        | Reached XP level 6. HP: 32/32 MP: 7/17
    39 | D        | Killed a wyvern
    40 | D        | Reached skill level 11 in Stealth
    40 | D        | Reached XP level 7. HP: 37/37 MP: 7/20
    48 | D        | Killed a boulder beetle
    49 | D        | Reached skill level 13 in Stealth
    49 | D        | Reached skill level 10 in Spellcasting
    49 | D        | Reached skill level 10 in Hexes
    49 | D        | Reached XP level 8. HP: 42/42 MP: 8/23
    51 | D        | Killed a boulder beetle
    52 | D        | Reached skill level 5 in Fighting
    52 | D        | Reached skill level 14 in Stealth
    58 | D        | Learned a level 2 spell: Ensorcelled Hibernation
    62 | D        | Learned a level 3 spell: Confusing Touch
    66 | D        | Learned a level 3 spell: Dazzling Flash
   106 | D        | Noticed an orange crystal statue
   120 | D        | Found Gexieheg's Antique Armour Shop.
   120 | D        | Found Hizxeudoro's Weapon Boutique.
   120 | D        | Found Ememuowk's Distillery.
   120 | D        | Found Kyhiojo's Jewellery Boutique.
   120 | D        | Found Uvuetic's Jewellery Boutique.
   121 | D        | Found Rymeuris's Antique Armour Shop.
   121 | D        | Found Caophouw's Magic Scroll Boutique.
   121 | D        | Found Qehay's Book Shop.
   122 | D        | Found Quatrom's Distillery.
   122 | D        | Found Maanusuk's Distillery.
   123 | D        | Noticed Menkaure
   163 | D        | Killed Menkaure
   167 | D        | Found Zoummem's Weapon Boutique.
   167 | D        | Found Minamybi's Distillery.
   167 | D        | Noticed an oklob plant
   168 | D        | Found Owaucayh's Armour Shop.
   168 | D        | Found Qeehoing's Book Shoppe.
   168 | D        | Found Ejets's Antique Weapon Boutique.
   200 | D        | Bought a +0 cloak of stealth for 149 gold pieces
   213 | D        | Bought a potion of degeneration for 12 gold pieces
   224 | D        | Bought a potion of flight for 42 gold pieces
   244 | D        | Found a stormy altar of Qazlal.
   245 | D        | Found a hazy altar of Hepliaklqana.
   245 | D        | Found a sacrificial altar of Ru.
   245 | D        | Found an ornate altar of the Wu Jian Council.
   246 | D        | Found a viscous altar of Jiyva.
   246 | D        | Found a shimmering blue altar of Sif Muna.
   247 | D        | Found a snail-covered altar of Cheibriados.
   247 | D        | Found an ancient bone altar of Kikubaaqudgha.
   247 | D        | Found a shimmering altar of Xom.
   247 | D        | Found a bloodstained altar of Trog.
   248 | D        | Found a shadowy altar of Dithmenos.
   248 | D        | Found a corrupted altar of Lugonu.
   249 | D        | Found a white marble altar of Elyvilon.
   249 | D        | Found a burning altar of Makhleb.
   250 | D        | Found a blossoming altar of Fedhas.
   252 | D        | Found an opulent altar of Gozag.
   252 | D        | Found a glowing golden altar of the Shining One.
   252 | D        | Found a basalt altar of Yredelemnul.
   252 | D        | Found a hide-covered altar of Uskayaw.
   252 | D        | Found a sparkling altar of Nemelex Xobeh.
   253 | D        | Found a glowing silver altar of Zin.
   253 | D        | Found a radiant altar of Vehumet.
   253 | D        | Found an iron altar of Okawaru.
   266 | D        | Noticed a flying skull
   266 | D        | Noticed a flying skull
   268 | D        | Became a worshipper of Gozag Ym Sagoz the Greedy
   290 | D        | Reached skill level 10 in Short Blades
   295 | D        | Noticed a yaktaur
   295 | D        | Noticed a hornet
   295 | D        | Noticed a polar bear
   296 | D        | Noticed a polar bear
   296 | D        | Noticed a polar bear
   297 | D        | Killed a polar bear
   298 | D        | Reached XP level 9. HP: 47/47 MP: 23/25
   298 | D        | Killed a polar bear
   300 | D        | Killed a polar bear
   301 | D        | Reached skill level 15 in Stealth
   303 | D        | Killed a yaktaur
   323 | D        | Noticed an unseen horror
   323 | D        | Noticed an unseen horror
   325 | D        | Killed an unseen horror
   329 | D        | Killed an unseen horror
   330 | D        | Reached skill level 16 in Stealth
   340 | D        | Reached skill level 10 in Dodging
   345 | D        | Noticed a deep elf master archer
   352 | D        | Killed a deep elf master archer
   353 | D        | Reached skill level 17 in Stealth
   353 | D        | Reached XP level 10. HP: 53/53 MP: 25/28
   360 | D        | Noticed a cane toad
   360 | D        | Noticed a cane toad
   362 | D        | Killed a cane toad
   368 | D        | Killed a cane toad
   470 | D        | Bought the +7 short sword "Nueshruluwk" {vamp, Will+ Str+4
                  | Dex+3} for 998 gold pieces
   482 | D        | Bought the ring "Icoom" {Fly rC+ Will+ Str+2 Int+4} for 537
                  | gold pieces
   482 | D        | Bought the ring of the Wizarding Madman {Wiz rF+ rC+
                  | Stlth+} for 538 gold pieces
   502 | D        | Bought a potion of invisibility for 96 gold pieces
   546 | D        | Noticed a kraken
   566 | D        | Killed a kraken
   567 | D        | Reached skill level 18 in Stealth
   568 | D        | Noticed a hellephant
   568 | D        | Noticed a purple draconian shifter
   569 | D        | Noticed Sonja
   570 | D        | Killed a purple draconian shifter
   571 | D        | Noticed a glowing orange brain
   576 | D        | Killed Sonja
   577 | D        | Reached skill level 19 in Stealth
   577 | D        | Reached XP level 11. HP: 58/58 MP: 30/30
   577 | D        | Killed a hellephant
   578 | D        | Reached skill level 15 in Spellcasting
   585 | D        | Killed a glowing orange brain
   616 | D        | Noticed a deep elf blademaster
   623 | D        | Noticed a harpy
   626 | D        | Killed a deep elf blademaster
   627 | D        | Reached skill level 20 in Stealth
   628 | D        | Killed a harpy
   690 | D        | Reached skill level 21 in Stealth
   803 | D        | Noticed a deep troll
   804 | D        | Noticed a deep troll
   806 | D        | Killed a deep troll
   807 | D        | Killed a deep troll
   830 | D        | Noticed a sphinx
   830 | D        | Noticed a sphinx
   833 | D        | Killed a sphinx
   834 | D        | Killed a sphinx
   835 | D        | Reached XP level 12. HP: 66/66 MP: 34/34
  1038 | D        | Learned a level 2 spell: Passwall
  1042 | D        | Learned a level 3 spell: Stone Arrow
  1046 | D        | Learned a level 3 spell: Tukima's Dance
  1051 | D        | Learned a level 4 spell: Hailstorm
  1398 | D        | Noticed a crystal guardian
  1442 | D        | Killed a crystal guardian
  1443 | D        | Reached skill level 5 in Conjurations
  1720 | D        | Reached skill level 15 in Dodging
  1743 | D        | Noticed a death yak
  1765 | D        | Killed a death yak
  1768 | D        | Reached skill level 10 in Fighting
  2084 | D        | Identified the +1 cloak "Hexaoh" {*Slow rElec rPois Str+2}
  2103 | D        | Got the Anthology of Vitiation
  2151 | D        | Learned a level 7 spell: Enfeeble
  2328 | D        | Found the +7 lajatang of Order {silver, rMut}
  2331 | D        | Reached skill level 1 in Earth Magic
  2331 | D        | Paralysed by a floating eye for 4 turns
  2340 | D        | Paralysed by a floating eye for 4 turns
  2349 | D        | Gained mutation: You are clumsy. (Dex -2) [a shining eye]
  2354 | D        | Gained mutation: You have very sharp teeth. [a shining eye]
  2355 | D        | Gained mutation: You are weak. (Str -2) [a shining eye]
  2358 | D        | Gained mutation: Armour fits poorly on your strangely
                  | shaped body. [a shining eye]
  2362 | D        | Paralysed by a floating eye for 3 turns
  2363 | D        | Gained mutation: You have large cloven feet. [a shining
                  | eye]
  2371 | D        | Paralysed by a floating eye for 4 turns
  2373 | D        | Gained mutation: You expend magic power (3 MP) to
                  | strengthen your wands. [a shining eye]
  2374 | D        | Gained mutation: You are very weak. (Str -4) [a shining
                  | eye]
  2378 | D        | Gained mutation: Your body sometimes deteriorates upon
                  | taking damage. [a shining eye]
  2380 | D        | Gained mutation: Your magical capacity is low. (-10% MP) [a
                  | shining eye]
  2381 | D        | Gained mutation: You occasionally lose the ability to drink
                  | potions when taking damage. [a shining eye]
  2383 | D        | Gained mutation: You occasionally lose the ability to read
                  | scrolls when taking damage. [a shining eye]
  2385 | D        | Gained mutation: You sometimes lose the ability to read
                  | scrolls when taking damage. [a shining eye]
  2386 | D        | Gained mutation: You sometimes lose your temper in combat.
                  | [a shining eye]
  2387 | D        | Gained mutation: You are dopey. (Int -2) [a shining eye]
  2388 | D        | Paralysed by a floating eye for 2 turns
  2389 | D        | Gained mutation: Your magical capacity is very low. (-20%
                  | MP) [a shining eye]
  2392 | D        | Gained mutation: Your magical capacity is extremely low.
                  | (-30% MP) [a shining eye]
  2393 | D        | Gained mutation: You have an uncontrollable temper. [a
                  | shining eye]
  2398 | D        | Gained mutation: You are very clumsy. (Dex -4) [a shining
                  | eye]
  2401 | D        | Gained mutation: You are very dopey. (Int -4) [a shining
                  | eye]
  2403 | D        | Paralysed by a floating eye for 4 turns
  2403 | D        | Gained mutation: You do not regenerate when monsters are
                  | visible. [a shining eye]
  2413 | D        | Gained mutation: You occasionally shout uncontrollably at
                  | your foes. [a shining eye]
  2413 | D        | Gained mutation: You sometimes lose the ability to drink
                  | potions when taking damage. [a shining eye]
  2416 | D        | Paralysed by a floating eye for 3 turns
  2420 | D        | Gained mutation: Your spells are a little easier to cast,
                  | but a little less powerful. [a shining eye]
  2420 | D        | Gained mutation: You have hidden genetic defects. [a
                  | shining eye]
  2422 | D        | Reached skill level 5 in Earth Magic
  2424 | D        | Gained mutation: Your body often deteriorates upon taking
                  | damage. [a shining eye]
  2431 | D        | Paralysed by a floating eye for 2 turns
  2477 | D        | Lost mutation: You sometimes lose the ability to read
                  | scrolls when taking damage. [potion of mutation]
  2477 | D        | Lost mutation: Armour fits poorly on your strangely shaped
                  | body. [potion of mutation]
  2477 | D        | Lost mutation: You have very sharp teeth. [potion of
                  | mutation]
  2478 | D        | Lost mutation: Your magical capacity is extremely low.
                  | (-30% MP) [potion of mutation]
  2478 | D        | Lost mutation: You occasionally lose the ability to read
                  | scrolls when taking damage. [potion of mutation]
  2478 | D        | Lost mutation: You sometimes lose the ability to drink
                  | potions when taking damage. [potion of mutation]
  2478 | D        | Lost mutation: Your body often deteriorates upon taking
                  | damage. [potion of mutation]
  2478 | D        | Gained mutation: You are partially covered in iridescent
                  | scales. (AC +2) [potion of mutation]
  2479 | D        | Lost mutation: You have an uncontrollable temper. [potion
                  | of mutation]
  2479 | D        | Lost mutation: You expend magic power (3 MP) to strengthen
                  | your wands. [potion of mutation]
  2479 | D        | Lost mutation: You are very dopey. (Int -4) [potion of
                  | mutation]
  2479 | D        | Lost mutation: Your body sometimes deteriorates upon taking
                  | damage. [potion of mutation]
  2480 | D        | Lost mutation: You are very weak. (Str -4) [potion of
                  | mutation]
  2480 | D        | Lost mutation: You sometimes lose your temper in combat.
                  | [potion of mutation]
  2480 | D        | Lost mutation: You are dopey. (Int -2) [potion of mutation]
  2480 | D        | Gained mutation: You passively dampen the noise of your
                  | surroundings. [potion of mutation]
  2481 | D        | Lost mutation: You have large cloven feet. [potion of
                  | mutation]
  2481 | D        | Lost mutation: You do not regenerate when monsters are
                  | visible. [potion of mutation]
  2481 | D        | Lost mutation: You have hidden genetic defects. [potion of
                  | mutation]
  2481 | D        | Lost mutation: You occasionally shout uncontrollably at
                  | your foes. [potion of mutation]
  2482 | D        | Lost mutation: Your spells are a little easier to cast, but
                  | a little less powerful. [potion of mutation]
  2482 | D        | Lost mutation: You occasionally lose the ability to drink
                  | potions when taking damage. [potion of mutation]
  2482 | D        | Gained mutation: You are very weak. (Str -4) [potion of
                  | mutation]
  2483 | D        | Lost mutation: You are partially covered in iridescent
                  | scales. (AC +2) [potion of mutation]
  2483 | D        | Lost mutation: You are very clumsy. (Dex -4) [potion of
                  | mutation]
  2483 | D        | Lost mutation: You are clumsy. (Dex -2) [potion of
                  | mutation]
  2483 | D        | Lost mutation: Your magical capacity is very low. (-20% MP)
                  | [potion of mutation]
  2483 | D        | Gained mutation: You expend magic power (3 MP) to
                  | strengthen your wands. [potion of mutation]
  2483 | D        | Gained mutation: Your skin changes colour to match your
                  | surroundings (Stealth+). [potion of mutation]
  2627 | D        | HP: 2/69 [ice statue/shard of ice (25)]
  2650 | D        | Found Guabicw's Book Shoppe.
  2651 | D        | Found Cyerum's Antique Weapon Boutique.
  2686 | D        | Identified the +9 scimitar of Risk Management {elec, rN+
                  | rCorr}
  2699 | D        | Learned a level 8 spell: Lehudib's Crystal Spear
  2700 | D        | Found Wam Hist's Antique Armour Shoppe.
  2720 | D        | Noticed the 27-headed Lernaean hydra
  2722 | D        | Killed the 27-headed Lernaean hydra
  2723 | D        | Reached XP level 13. HP: 70/74 MP: 30/33
  2730 | D        | Noticed Nikola
  2732 | D        | Killed Nikola
  3602 | D        | Reached skill level 10 in Conjurations
  3609 | D        | HP: 2/74 [sixfirhy (3)]
  3609 | D        | Mangled by a sixfirhy

Illustrated notes

Levels and vault maps discovered:
D:        the_violet_keep_of_menkaure [sprint2_stairs_cluster_1,
          sprint2_shoproom, sprint2_temple, sprint2_basic_supplies,
          sprint2_obstacle_4, sprint2_obstacle_2, sprint2_obstacle_5,
          sprint2_obstacle_3, sprint2_obstacle_1, sprint2_timed_cluster_1,
          sprint2_smallroom_cluster_1, sprint2_smallroom_final_cluster_1,
          sprint2_transparent_cluster_1, sprint2_second_timed_cluster_1,
          sprint2_sniper_area_1, sprint2_heavy_combat_area_1,
          sprint2_mutation_trap_area_1, sprint2_forest_area_1,
          sprint2_light_combat_area_1, sprint2_behind_water_1,
          sprint2_near_end_vault_1]

Skill      XL: |  1  2  3  4  5  6  7  8  9 10 11 12 13 |
---------------+----------------------------------------+-----
Fighting       | 1 2 3 4 5 6 7 9 11 | 11.4
Short Blades   | 3 4 5 6 7 8 10 12 13 14 | 14.0
Dodging        | 4 5 6 7 9 10 11 14 17 | 17.5
Stealth        | 6 7 8 10 11 13 14 17 19 21 | 21.3
Spellcasting   | 4 5 6 7 8 10 11 13 14 17 19 | 19.6
Hexes          | 5 6 8 10 11 13 14 | 14.0
Conjurations   | 4 9 10 | 10.0
Earth Magic    | 6 8 |  8.1

Action                   |  1- 3 |  4- 6 |  7- 9 | 10-12 | 13-15 || total
-------------------------+-------+-------+-------+-------+-------++-------
Melee: Dagger            |     2 |     7 |    19 |     5 |       ||    33
       Short sword       |       |       |       |   172 |    25 ||   197
       Punch             |       |       |       |     3 |       ||     3
       Kick              |       |       |       |    26 |       ||    26
       Bite              |       |       |       |    12 |       ||    12
Throw: Dart              |       |       |       |       |     1 ||     1
 Cast: Ensorcelled Hiber |       |       |     3 |    27 |    21 ||    51
       Confusing Touch   |       |       |     1 |     6 |     1 ||     8
       Dazzling Flash    |       |       |       |     6 |       ||     6
       Stone Arrow       |       |       |       |    11 |     5 ||    16
       Passwall          |       |       |       |     1 |     1 ||     2
       Hailstorm         |       |       |       |     1 |       ||     1
  Use: Potion            |     2 |       |     2 |    15 |       ||    19
       Scroll            |       |       |       |       |     1 ||     1
 Stab: Sleeping          |     2 |     7 |    14 |    45 |    11 ||    79
       Invisible         |       |       |     1 |     7 |       ||     8
       Confused          |       |       |     1 |     6 |       ||     7
       Distracted        |       |       |       |     1 |       ||     1
Armor: Robe              |       |       |       |     3 |     1 ||     4
Dodge: Dodged            |       |       |     3 |    36 |    22 ||    61
